 Dungeon Crawl Stone Soup version 0.29.1-2-gbd0b4ee654 (webtiles) character file.

Game seed: 16661414487323036750

477 RKaid the Gusty (level 7, -6/45 HPs)
             Began as an Octopode Air Elementalist on Dec 1, 2022.
             Was an Initiate of Gozag.
             Shot with an arrow by a centaur (8 damage)
             ... on level 5 of the Dungeon.
             The game lasted 00:07:43 (5516 turns).

RKaid the Gusty (Octopode Air Elementalist)         Turns: 5516, Time: 00:07:43

Health: -6/45      AC:  1    Str:  7    XL:     7   Next: 11%
Magic:  12/12      EV: 13    Int: 20    God:    Gozag
Gold:   340        SH:  0    Dex: 12    Spells: 7/12 levels left

rFire   . . .      SeeInvis .   (no weapon)
rCold   . . .      Faith    .   (no shield)
rNeg    . . .      Spirit   .   (helmet restricted)
rPois   .          Reflect  .   (no amulet)
rElec   .          Harm     .   h - +4 ring of slaying
rCorr   .          Rampage  .   (no ring)
Will    .....                   (no ring)
Stlth   +++.......              (no ring)
HPRegen 0.15/turn               (no ring)
MPRegen 0.13/turn               (no ring)
                                (no ring)
                                (no ring)

@: hasted, invisible, very quick
A: almost no armour, amphibious, 8 rings, camouflage 1, gelatinous body 1,
(nimble swimmer 1), tentacles
a: Renounce Religion, Potion Petition, Call Merchant, Bribe Branch


You were on level 5 of the Dungeon.
You worshipped Gozag.
Gozag was aware of your devotion.
You visited 1 branch of the dungeon, and saw 5 of its levels.

You collected 399 gold pieces.
You paid 59 gold pieces to Gozag.

Inventory:

Hand Weapons
 p - a +1 flail of holy wrath
   (You found it on level 3 of the Dungeon)
Jewellery
 h - a +4 ring of slaying (left tentacle)
   (You found it on level 3 of the Dungeon)
Scrolls
 b - 2 scrolls of amnesia
 f - a scroll of torment {unknown}
 g - 4 scrolls of teleportation {unknown}
 i - 2 scrolls of identify
 k - a scroll of enchant armour {unknown}
 l - 3 scrolls of blinking {!r}
 q - a scroll of fear {unknown}
 s - a scroll of noise {unknown}
 t - a scroll of magic mapping {unknown}
Potions
 a - 2 potions of magic
 c - a potion of cancellation {unknown}
 d - a potion of haste
 e - a potion of attraction {unknown}
 j - a potion of mutation {unknown}
 m - a potion of heal wounds {unknown}
 o - a potion of resistance {unknown}
 r - a potion of curing {unknown}


   Skills:
 + Level 2.9 Fighting
 - Level 2.0 Dodging
 - Level 2.6 Stealth
 + Level 3.4 Spellcasting
 + Level 3.2 Conjurations
 * Level 5.4 Air Magic


You had 7 spell levels left.
You knew the following spells:

 Your Spells              Type           Power      Damage    Failure   Level
a - Shock                 Conj/Air       80%        1d8       2%          1
b - Airstrike             Air            12%        2d(2-18)  14%         4

Your spell library contained the following spells:

 Spells                   Type           Power      Damage    Failure   Level
 Static Discharge         Conj/Air       20%        3-6/arc   3%          2
 Swiftness                Air            25%        N/A       4%          3


Dungeon Overview and Level Annotations

Branches:
Dungeon (5/15)
 Temple: D:4-7

Altars:
Gozag
Hepliaklqana
Ru
Trog
Vehumet
Zin


Innate Abilities, Weirdness & Mutations

You cannot wear most types of armour.
You are amphibious.
You can wear up to eight rings at the same time.
Your skin changes colour to match your surroundings (Stealth+).
Your rubbery body absorbs attacks. (AC +1, EV +1)
((You are camouflaged when in or above water. (Stealth+)))
You have tentacles for arms and can constrict up to eight enemies at once.


Message History

Found an escape hatch in the ceiling.
There is an open door here.
You open the door.
There is an open door here.
A jelly comes into view.
Casting: Shock (safe; 2% risk of failure)
Confirm with . or Enter, or press ? or * to list all spells.
Aiming: Shock (safe; 2% risk of failure)
Press: ? - help, Shift-Dir - straight line, f - jelly
Aim: a jelly (asleep, 100% to hit)
The zap hits the jelly.
The jelly quivers.
Casting: Shock (safe; 2% risk of failure)
Confirm with . or Enter, or press ? or * to list all spells.
Aiming: Shock (safe; 2% risk of failure)
Press: ? - help, Shift-Dir - straight line, f/p - jelly
Aim: a jelly (lightly wounded, 100% to hit)
The zap hits the jelly.
Casting: Shock (safe; 2% risk of failure)
Confirm with . or Enter, or press ? or * to list all spells.
Aiming: Shock (safe; 2% risk of failure)
Press: ? - help, Shift-Dir - straight line, f/p - jelly
Aim: a jelly (heavily wounded, 100% to hit)
The zap hits the jelly.
Casting: Shock (safe; 2% risk of failure)
Confirm with . or Enter, or press ? or * to list all spells.
Aiming: Shock (safe; 2% risk of failure)
Press: ? - help, Shift-Dir - straight line, f/p - jelly
Aim: a jelly (severely wounded, 100% to hit)
The zap hits the jelly.
Casting: Shock (safe; 2% risk of failure)
Confirm with . or Enter, or press ? or * to list all spells.
Aiming: Shock (safe; 2% risk of failure)
Press: ? - help, Shift-Dir - straight line, f/p - jelly
Aim: a jelly (almost dead, 100% to hit)
You miscast Shock.
You are very lightly contaminated with residual magic.
Nothing appears to happen.
The jelly hits you.
You are splashed with acid!
Casting: Shock (safe; 2% risk of failure)
Confirm with . or Enter, or press ? or * to list all spells.
Aiming: Shock (safe; 2% risk of failure)
Press: ? - help, Shift-Dir - straight line, f/p - jelly
Aim: a jelly (almost dead, 100% to hit)
The zap hits the jelly.
The jelly misses you.
Casting: Shock (safe; 2% risk of failure)
Confirm with . or Enter, or press ? or * to list all spells.
Aiming: Shock (safe; 2% risk of failure)
Press: ? - help, Shift-Dir - straight line, f/p - jelly
Aim: a jelly (almost dead, 100% to hit)
The zap hits the jelly.
You kill the jelly!
You now have 285 gold pieces (gained 7).
You start resting.
Your magical contamination has completely faded away.
You now have 299 gold pieces (gained 14).
o - 4 scrolls labelled IMESCH SYNOOFE (gained 1)
You now have 318 gold pieces (gained 19).
You now have 328 gold pieces (gained 10).
You now have 340 gold pieces (gained 12).
You open the door.
Found a stone staircase leading up.
Unknown command.
There is an open door here.
A centaur comes into view.
The centaur wields a +0 shortbow.
The centaur shoots an arrow.
The arrow hits you!
The centaur shoots an arrow.
The arrow completely misses you.
You see here an orange potion.
Casting: Shock (safe; 2% risk of failure)
Confirm with . or Enter, or press ? or * to list all spells.
Aiming: Shock (safe; 2% risk of failure)
Press: ? - help, Shift-Dir - straight line, f - centaur
Aim: a centaur, wielding a +0 shortbow (83% to hit)
The zap hits the centaur.
The centaur shoots an arrow.
The arrow hits you!
Blink to where?
Press: ? - help, Dir - move target, p - centaur
As you read the scroll labelled IMESCH SYNOOFE, it crumbles to dust.
It was a scroll of blinking.
l - 3 scrolls of blinking;
o - a fuming golden potion As you open the door, it creaks loudly!
The centaur shoots an arrow.
The arrow hits you!
There is an open door here.
The centaur shoots an arrow.
The arrow hits you!
* * * LOW HITPOINT WARNING * * *
You close the door.
A centaur opens the door.
The centaur shoots an arrow.
The arrow hits you!
* * * LOW HITPOINT WARNING * * *
The centaur shoots an arrow.
The arrow closely misses you.
Okay, then.
It was a potion of haste.
You feel yourself speed up.
Okay, then.
As you read the scroll labelled KIAGORR NIMU, it crumbles to dust.
It is a scroll of identify.
b - 2 scrolls of amnesia;
i - 2 scrolls of identify;
e - a dark potion It was a potion of invisibility.
You fade into invisibility!
The centaur shoots an arrow.
The arrow hits you!
You die...
Your body crumbles into a pile of gold.

#..#####.# #####
#........# #...#
#.######## #...# #.#
####...####
#.#######.........#
#.##..............#
.######.##.####.........#
..........#.# ####...####
#####....@.## #...#
##...### ####...### $
##c## #........# #.#
#...#.##.# #.#
####...#.##.# ##'##
#.........#.# #
##c..###.........#.# #.
##.....##.........#.# #..
##.......####...####.#


You could see a centaur (unable to see you).

Vanquished Creatures
  A necrophage (D:5)
  A scorpion (D:5)
  An orc priest (D:4)
  A hound (D:5)
  A jelly (D:5)
  An iguana (D:5)
  An orc wizard (D:3)
  6 gnolls
  8 adders
  A worm (D:2)
  5 dart slugs
  5 orcs
  4 bats
  9 endoplasms
  A giant cockroach (D:2)
  4 goblins
  4 hobgoblins
  5 quokkas
  6 ball pythons
  5 frilled lizards
  2 kobolds
  11 rats
83 creatures vanquished.

Notes
Turn   | Place    | Note
-------+----------+-------------------------------------------
     0 | D:1      | RKaid the Octopode Air Elementalist began the quest for the
                  | Orb.
     0 | D:1      | Reached XP level 1. HP: 11/11 MP: 3/3
   287 | D:1      | Reached XP level 2. HP: 18/18 MP: 3/5
   432 | D:1      | Found a faded altar of an unknown god.
  1034 | D:2      | Reached XP level 3. HP: 22/22 MP: 1/6
  1145 | D:2      | You fall into a shaft and drop 1 floor!
  1233 | D:3      | Reached skill level 1 in Fighting
  1237 | D:3      | Found a hazy altar of Hepliaklqana.
  1685 | D:2      | Reached XP level 4. HP: 28/28 MP: 5/7
  2144 | D:2      | Reached skill level 2 in Conjurations
  2360 | D:2      | Reached skill level 4 in Air Magic
  3144 | D:3      | Reached XP level 5. HP: 34/34 MP: 5/9
  3298 | D:3      | Found a glowing silver altar of Zin.
  3665 | D:4      | Reached skill level 2 in Fighting
  3950 | D:4      | Found a radiant altar of Vehumet.
  3996 | D:4      | Found an opulent altar of Gozag.
  4023 | D:4      | Became a worshipper of Gozag Ym Sagoz the Greedy
  4267 | D:4      | Noticed an ogre
  4379 | D:4      | Reached skill level 3 in Spellcasting
  4379 | D:4      | Reached XP level 6. HP: 39/39 MP: 4/10
  4456 | D:4      | Found a bloodstained altar of Trog.
  4593 | D:4      | Found a sacrificial altar of Ru.
  4851 | D:5      | Entered Level 5 of the Dungeon
  5047 | D:5      | Reached skill level 5 in Air Magic
  5048 | D:5      | Reached skill level 3 in Conjurations
  5136 | D:5      | Learned a level 4 spell: Airstrike
  5203 | D:5      | Reached XP level 7. HP: 45/45 MP: 6/12
  5508 | D:5      | HP: 10/45 [centaur/arrow (8)]
  5512 | D:5      | HP: 2/45 [centaur/arrow (9)]
  5516 | D:5      | Shot with an arrow by a centaur

Illustrated notes

Levels and vault maps discovered:
D:1:      sevenhm_arrival_forest_fort_small_4, layout_basic,
          ebering_ecumenical_altar_mist, minmay_misc_feat_four_crosses
D:2:      layout_basic, serial_park_tiny_2, nicolae_figureground_sparkle
D:3:      layout_basic, old_standard_altar, overflow_temple_1_default
D:4:      layout_loops_ring, nicolae_ru_path_of_blood,
          mainiacjoe_overflow_small_starburst, lemuel_tele_altar,
          mainiacjoe_overflow_tiny_flanked
D:5:      layout_loops_corners, mainiacjoe_overflow_alcove_2

Skill      XL: |  1  2  3  4  5  6 |
---------------+-------------------+-----
Fighting       | 1 2 |  2.9
Conjurations   | 2 3 |  3.2
Air Magic      | 4 5 |  5.4
Spellcasting   | 3 |  3.4
Dodging        | |  2.0
Stealth        | |  2.6

Action                   |  1- 3 |  4- 6 |  7- 9 || total
-------------------------+-------+-------+-------++-------
Melee: Unarmed           |     4 |       |       ||     4
       Constrict         |     1 |       |       ||     1
       Tentacles         |     1 |       |       ||     1
 Cast: Shock             |    60 |   120 |     9 ||   189
  Use: Scroll            |       |       |     2 ||     2
       Potion            |       |       |     2 ||     2
Armor: Skin              |       |     3 |       ||     3
Dodge: Dodged            |     2 |    13 |     3 ||    18

Table legend: (Time is in decaauts)
 A = Elapsed time spent in this place.
 B = Non-inter-level travel time spent in this place.
 C = Inter-level travel time spent in this place.
 D = Time resting spent in this place.
 E = Time spent auto-exploring this place.
 F = Levels seen in this place.
 G = Mean time per level.
                   A        B        C        D        E       F      G
               +--------+--------+--------+--------+--------+-----+--------+
         Total |   5514 |   5379 |    135 |   1679 |   3062 |   5 | 1102.8 |
       Dungeon |   5514 |   5379 |    135 |   1679 |   3062 |   5 | 1102.8 |
               +--------+--------+--------+--------+--------+-----+--------+

Top non-repeatable levels by time:
     D:2: 1629 daAuts
     D:4: 1186 daAuts
     D:3: 1021 daAuts
     D:1: 1012 daAuts
     D:5: 664 daAuts

Table legend:
 A = Kills in this place as a percentage of kills in entire the game.
 B = Kills by you in this place as a percentage of kills by you in the entire game.
 C = Kills by friends in this place as a percentage of kills by friends in the entire game.
 D = Other kills in this place as a percentage of other kills in the entire game.
 E = Experience gained in this place as a percentage of experience gained in the entire game.
 F = Experience gained in this place divided by the number of levels of this place that you have seen.
                   A       B       C       D       E      F
               +-------+-------+-------+-------+-------+----------------------
         Total | 100.0 | 100.0 |   N/A |   N/A | 100.0 | 136.4
       Dungeon | 100.0 | 100.0 |   N/A |   N/A | 100.0 | 136.4
               +-------+-------+-------+-------+-------+----------------------
